 Dungeon Crawl Stone Soup version 0.18-a0-1575-g920359c (webtiles) character file.

79 4thArraOfDagon the Insei (level 4, -1/44 HPs)
             Began as a Draconian Monk on Mar 16, 2016.
             Killed from afar by an orc wizard (4 damage)
             ... with a magic dart
             ... on level 4 of the Dungeon.
             The game lasted 00:02:31 (542 turns).

4thArraOfDagon the Insei (Draconian Monk)            Turns: 542, Time: 00:02:31

Health: -1/44      AC:  5    Str: 13    XL:     4   Next: 17%
Magic:  4/4        EV: 13    Int: 17    God:
Gold:   93         SH:  0    Dex: 13    Spells: 0 memorised, 3 levels left

rFire  . . .     SeeInvis .       - Unarmed
rCold  . . .     Gourm    .     (armour unavailable)
rNeg   . . .     Faith    .     (no shield)
rPois  .         Spirit   .     (helmet restricted)
rElec  .         Dismiss  .     (no cloak)
rCorr  .         Reflect  .     (no gloves)
SustAt .         Harm     .     (no boots)
MR     .....     Rnd*Tele +     (no amulet)
Stlth  ++........               (no ring)
                                (no ring)

@: brilliant, not resistant to hostile enchantments, unstealthy
A: unfitting armour, robust 1, teleportitis 1, cold-blooded, subdued magic 1, AC
+5
a: no special abilities


You were on level 4 of the Dungeon.
You were not hungry.

You visited 1 branch of the dungeon, and saw 4 of its levels.

You collected 93 gold pieces.

Inventory:

Hand Weapons
 b - a +0 hand axe of draining
Armour
 l - a +0 cloak
Scrolls
 c - a scroll of fog {unknown}
 d - a scroll of identify {unknown}
 e - a scroll of blinking {unknown}
 f - a scroll of amnesia {unknown}
 g - a scroll of magic mapping {unknown}
Potions
 i - a potion of agility {unknown}
 j - a potion of curing {unknown}
Comestibles
 a - 2 bread rations
 k - a chunk of flesh


   Skills:
 + Level 4.1 Fighting
 - Level 2.6 Dodging
 - Level 1.7 Stealth
 * Level 5.2 Unarmed Combat


You had 3 spell levels left.
You didn't know any spells.

Dungeon Overview and Level Annotations

Branches:
Dungeon (4/15)
 Temple: D:4-7

Altars:
Qazlal


Innate Abilities, Weirdness & Mutations

Your plain brown scales are hard (AC +5).
Your body does not fit into most forms of armour.
You are cold-blooded and may be slowed by cold attacks.
You are robust (+10% HP).
You are occasionally teleported next to monsters.
Your spells are a little easier to cast, but a little less powerful.


Message History

An orc comes into view.
The orc shouts!
An orc comes into view. It is wielding a club.
The orc shouts!
An orc wizard comes into view. It is wielding a dagger.
The orc wizard shouts!
The orc wizard points at you and mumbles some strange words.
The puff of frost hits you!
* * * LOW HITPOINT WARNING * * *
An orc comes into view. It is wielding a mace.
Unknown command.
Unknown command.
Unknown command.
Unknown command.
Drink which item? (? for menu, Esc to quit)
It was a potion of brilliance.
You feel clever all of a sudden.
The orc wizard points at you and mumbles some strange words.
The magic dart hits you!
You die...

##### #...#
###o.o###
####..@oo..#
............#
#####...o...#
###...###
#...# ##.##
#.# #.# #.#


You could see an orc wizard and 4 orcs.

Vanquished Creatures
  A worker ant (D:4)
  2 adders
  An ooze (D:2)
  A worm (D:2)
  3 giant geckos
  4 orcs
  A bat (D:3)
  A giant cockroach (D:3)
  2 hobgoblins
  3 quokkas
  3 giant newts
  A rat (D:3)
23 creatures vanquished.

Notes
Turn   | Place    | Note
--------------------------------------------------------------
     0 | D:1      | 4thArraOfDagon the Draconian Monk began the quest for the Orb.
     0 | D:1      | Reached XP level 1. HP: 19/19 MP: 1/1
    76 | D:2      | Reached XP level 2. HP: 19/26 MP: 2/2
    84 | D:2      | Found a stormy altar of Qazlal.
   166 | D:4      | Noticed an ogre
   232 | D:4      | Gained mutation: Your spells are a little easier to cast, but a little less powerful. [potion of mutation]
   232 | D:4      | Gained mutation: You are robust (+10% HP). [potion of mutation]
   232 | D:4      | Gained mutation: You are occasionally teleported next to monsters. [potion of mutation]
   253 | D:4      | Noticed an ogre
   315 | D:3      | Reached XP level 3. HP: 10/34 MP: 3/3
   461 | D:3      | Reached skill level 5 in Unarmed Combat
   516 | D:4      | Reached XP level 4. HP: 20/44 MP: 4/4
   542 | D:4      | Killed from afar by an orc wizard

Vault maps used:
D:1:      dpeg_arrival_rooms_a
D:2:      gammafunk_temple_overflow_wave, grunt_qazlal_sundering
D:3:      first_bread, uniq_iyjb, uniq_grinder
D:4:      kennysheep_mini, serial_shops, nicolae_shop_trees

Skill      XL: |  1  2  3 |
---------------+----------+-----
Unarmed Combat | 5 |  5.2
Fighting       | 4 |  4.1
Dodging        | |  2.6
Stealth        | |  1.7

Action                   |  1- 3 |  4- 6 || total
-------------------------+-------+-------++-------
Melee: Unarmed           |    88 |     5 ||    93
  Use: Potion            |     1 |     1 ||     2
 Stab: Sleeping          |     3 |       ||     3
